 Dungeon Crawl Stone Soup version 0.31-a0-435-g2c6fae2916 (webtiles) character file.

Game seed: 2843534521729090642

2550 Hubris850 the Grappler (level 9, -1/67 HPs)
             Began as a Minotaur Shapeshifter on Aug 1, 2023.
             Was a Priest of Qazlal.
             Slain by a wyvern (8 damage)
             ... on level 8 of the Dungeon.
             The game lasted 00:16:53 (5639 turns).

Hubris850 the Grappler (Minotaur Shapeshifter)      Turns: 5639, Time: 00:16:55

Health: -1/67      AC:  9    Str: 24    XL:     9   Next: 30%
Magic:  0/12       EV:  9    Int:  5    God:    Qazlal [***...]
Gold:   434        SH:  3    Dex: 17    Spells: 8/8 levels left

rFire   . . .        C - +5 trident (freeze)
rCold   . . .        (no shield)
rNeg    . . .        g - +0 chain mail
rPois   +            (helmet currently unavailable)
rElec   .            G - melded +1 cloak
rCorr   .            (gloves currently unavailable)
SInv    .            (boots currently unavailable)
Will    .....        u - amulet of guardian spirit Stlth
                     n - ring of poison resistance
HPRegen 0.31/turn    p - +6 ring of dexterity
MPRegen 0.13/turn

%: guardian spirit
@: beast-form
A: beast (slay +3), horns 2, retaliatory headbutt
a: Begin Untransformation, Renounce Religion, Upheaval, Elemental Force


You were on level 8 of the Dungeon.
You worshipped Qazlal.
Qazlal was most pleased with you.
You were a hulking beast.
You visited 1 branch of the dungeon, and saw 8 of its levels.

You collected 434 gold pieces.

Inventory:

Hand Weapons
 o - a +0 trident of venom
 A - a +2 rapier of speed
 C - a +5 trident of freezing (weapon)
Missiles
 j - 13 poisoned darts (quivered)
 x - a boomerang
Armour
 a - a +0 animal skin
 g - a +0 chain mail (worn)
 B - a +0 cloak
 G - a +1 cloak (melded)
Jewellery
 n - a ring of poison resistance (left hand)
 p - a +6 ring of dexterity (right hand)
 u - an amulet of guardian spirit (around neck)
 D - a ring of positive energy
Talismans
 c - a beast talisman (active)
 y - a serpent talisman
Wands
 r - a wand of polymorph (7)
 E - a wand of digging (5)
 H - a wand of iceblast (7)
Scrolls
 h - 3 scrolls of teleportation
 i - 5 scrolls of revelation
 k - a scroll of butterflies
 m - 2 scrolls of blinking
 w - a scroll of fear
 z - a scroll of vulnerability {unknown}
Potions
 b - 3 potions of lignification
 d - a potion of might
 e - a potion of invisibility
 f - a potion of heal wounds
 l - 2 potions of mutation
 q - a potion of enlightenment
 s - a potion of haste
 t - 4 potions of attraction
 v - a potion of curing
 F - a potion of degeneration {unknown}


   Skills:
 - Level 2.0 Fighting
 - Level 4.0 Throwing
 - Level 4.0 Armour
 - Level 2.5 Dodging
 + Level 8.1 Unarmed Combat
 + Level 5.8 Invocations
 + Level 5.3 Shapeshifting


You had 8 spell levels left.
You didn't know any spells.
Your spell library contained the following spells:

 Spells                   Type           Power      Damage    Failure   Level
 Apportation              Tloc           0%         N/A       96%         1
 Necrotise                Necr           0%         1d4       96%         1
 Summon Small Mammal      Summ           0%         N/A       96%         1
 Call Canine Familiar     Summ           0%         N/A       100%        3
 Portal Projectile        Hex/Tloc       0%         N/A       100%        3
 Leda's Liquefaction      Hex/Erth       0%         N/A       100%        4
 Alistair's Intoxication  Tmut/Pois      0%         N/A       100%        5


Dungeon Overview and Level Annotations

Branches:
Dungeon (8/15)             Temple (0/1) D:4
   Lair: D:8-11

Altars:
Fedhas
Makhleb
Nemelex Xobeh
Qazlal
Ru
Uskayaw
Wu Jian
Yredelemnul

Shops:
D:7 *


Innate Abilities, Weirdness & Mutations

You are a hulking beast.
Your limbs bulge with bestial killing power. (Slay +3)
You have a pair of horns on your head.
You reflexively headbutt those who attack you in melee.


Message History

The orc wizard points at you and mumbles some strange words.
You are confused.
The two-headed ogre hits you with a +0 giant club!!
The two-headed ogre closely misses you.
You hear a shout!
You closely miss the two-headed ogre.
Your headbutt misses the two-headed ogre.
The two-headed ogre is heavily wounded.
A centaur opens the door.
An orc wizard comes into view. It is wielding a +0 dagger.
The two-headed ogre hits you but does no damage.
The two-headed ogre closely misses you.
You hit the two-headed ogre. You freeze the two-headed ogre.
Your punch misses the two-headed ogre.
The two-headed ogre is heavily wounded.
The wyvern bites you!
A centaur comes into view.
Unknown command.
The two-headed ogre attacks as you move away!
The two-headed ogre hits you with a +0 giant club!!
* * * LOW HITPOINT WARNING * * *
The two-headed ogre hits you with a +0 giant club!
* * * LOW HITPOINT WARNING * * *
The orc wizard casts a spell.
The orc wizard flickers and vanishes!
Deactivating autopickup; reactivate with Ctrl-A.
You are too confused!
You feel much better. The wyvern bites you! The wyvern bites you.
* * * LOW HITPOINT WARNING * * *
The two-headed ogre hits you with a +0 giant club!
* * * LOW HITPOINT WARNING * * *
The two-headed ogre hits you with a +0 giant club.
* * * LOW HITPOINT WARNING * * *
You puncture the two-headed ogre! You freeze the two-headed ogre.
You headbutt the two-headed ogre!
You kill the two-headed ogre!
Qazlal accepts your kill.
You feel less confused. The wyvern bites you!
You die...

#..........##.##.#
####...######.##.# ##..#
#.##.# #..######.##.###
####### #.........##....
.......###'#############.
...#......## #.
#..#.....## ######.
#.#.h°....# #......
#..l)§.....####...##.
#..c#..y......+.........
#...o.........####...#.#
+..)##.......## #..##.#
#.#. !#.....## #.###.# #
. .##...## #<..... '# ..
.+## #####.# .# .. ..


You could see a hornet, a wyvern, a centaur and an orc wizard.

Vanquished Creatures
  A two-headed ogre (D:8)
  A hornet (D:7)
  2 ice beasts
  2 black bears (D:7)
  An orc warrior (D:7)
  2 sky beasts
  4 centaurs
  An ogre (D:5)
  A kobold brigand (D:6)
  A bullfrog (D:6)
  2 gnoll sergeants
  2 scorpions
  A howler monkey (D:4)
  8 hounds
  4 orc priests
  4 iguanas
  8 orc wizards
  9 adders
  6 gnolls
  16 orcs
  3 bats (D:1)
  11 endoplasms
  A giant cockroach (D:1)
  7 goblins
  3 hobgoblins
  10 jackals (D:2)
  9 kobolds
  3 quokkas
  7 ball pythons
  4 frilled lizards
  10 rats
144 creatures vanquished.

Notes
Turn   | Place    | Note
-------+----------+-------------------------------------------
     0 | D:1      | Hubris850 the Minotaur Shapeshifter began the quest for the
                  | Orb.
     0 | D:1      | Reached XP level 1. HP: 16/16 MP: 0/0
   148 | D:1      | Reached XP level 2. HP: 20/23 MP: 1/1
   571 | D:1      | Reached XP level 3. HP: 29/29 MP: 2/2
   836 | D:2      | Reached skill level 1 in Armour
   972 | D:2      | Reached skill level 1 in Throwing
  1223 | D:2      | Reached XP level 4. HP: 36/36 MP: 3/3
  1225 | D:2      | Reached skill level 4 in Unarmed Combat
  2001 | D:3      | Found a faded altar of an unknown god.
  2007 | D:3      | Prayed at the altar of an unknown god.
  2007 | D:3      | Became a worshipper of Qazlal Stormbringer
  2007 | D:3      | Reached * piety under Qazlal
  2032 | D:4      | Reached XP level 5. HP: 37/41 MP: 4/4
  2180 | D:4      | Reached XP level 6. HP: 48/48 MP: 5/5
  2223 | D:4      | Reached skill level 1 in Invocations
  2308 | D:4      | Found a staircase to the Ecumenical Temple.
  2311 | D:4      | Found a burning altar of Makhleb.
  2419 | D:4      | Reached ** piety under Qazlal
  2420 | D:4      | Reached skill level 5 in Unarmed Combat
  2552 | D:5      | Entered Level 5 of the Dungeon
  2566 | D:5      | Reached XP level 7. HP: 17/55 MP: 2/7
  3256 | D:5      | Found a hide-covered altar of Uskayaw.
  3734 | D:6      | Reached XP level 8. HP: 50/61 MP: 7/9
  3782 | D:6      | Reached skill level 6 in Unarmed Combat
  3827 | D:6      | Found a basalt altar of Yredelemnul.
  3827 | D:6      | Found a sacrificial altar of Ru.
  3827 | D:6      | Found an ornate altar of the Wu Jian Council.
  4194 | D:6      | Found a sparkling altar of Nemelex Xobeh.
  4254 | D:7      | Reached skill level 7 in Unarmed Combat
  4334 | D:7      | Found Feuteguz's Assorted Antiques.
  4368 | D:7      | Found a blossoming altar of Fedhas.
  4674 | D:7      | Reached skill level 5 in Invocations
  4739 | D:7      | Reached skill level 5 in Shapeshifting
  4739 | D:7      | Reached XP level 9. HP: 36/67 MP: 1/11
  5138 | D:7      | Reached skill level 8 in Unarmed Combat
  5304 | D:7      | Reached *** piety under Qazlal
  5629 | D:8      | Noticed a two-headed ogre
  5639 | D:8      | Killed a two-headed ogre
  5639 | D:8      | Slain by a wyvern

Illustrated notes

Levels and vault maps discovered:
D:1:      nzn_arrival_crosshair, layout_loops_ring, minmay_octomino_e4
D:2:      layout_loops_ring
D:3:      layout_basic, shapermc_ecumenical_altar_hornbeckon,
          wad_floor_pattern_2
D:4:      layout_rooms, mainiacjoe_overflow_alcove_1,
          minmay_temple_entry_crystal_x
D:5:      layout_loops_ring, lemuel_tele_altar
D:6:      layout_rooms, lemuel_round_altar, gammafunk_temple_overflow_forgotten
D:7:      layout_gridville, fedhas_bush_and_centaur_altar, serial_shops,
          nicolae_shop_just_a_little_nook
D:8:      layout_loops_corners, tso_metal_star, serial_shops, shop,
          enter_bailey_8, minmay_fractal_squares_diagonal_5, uniq_joseph

Skill      XL: |  1  2  3  4  5  6  7  8  9 |
---------------+----------------------------+-----
Fighting       | 2 |  2.0
Armour         | 1 2 3 4 |  4.0
Throwing       | 1 2 3 4 |  4.0
Unarmed Combat | 4 5 7 8 |  8.1
Shapeshifting  | 3 4 5 |  5.3
Invocations    | 1 3 5 |  5.8
Dodging        | |  2.5

Action                     |  1- 3 |  4- 6 |  7- 9 || total
---------------------------+-------+-------+-------++-------
  Melee: Unarmed           |    49 |       |    28 ||    77
         Headbutt          |    11 |    14 |    16 ||    41
         Trident           |    29 |    87 |   102 ||   218
         Punch             |       |     1 |    11 ||    12
  Throw: Dart              |       |     2 |       ||     2
Ability: Begin Untransform |       |       |     2 ||     2
  Evoke: Wand              |       |       |     1 ||     1
    Use: Scroll            |       |       |    11 ||    11
         Potion            |       |       |     6 ||     6
 Armour: Animal skin       |     3 |       |       ||     3
         Chain mail        |    19 |    56 |    74 ||   149
  Dodge: Dodged            |    27 |    32 |    62 ||   121
  Block: Other             |       |     2 |    14 ||    16
   Form: Anaconda          |       |       |     1 ||     1
         Beast             |       |       |     1 ||     1

Table legend: (Time is in decaauts)
 A = Elapsed time spent in this place.
 B = Non-inter-level travel time spent in this place.
 C = Inter-level travel time spent in this place.
 D = Time resting spent in this place.
 E = Time spent auto-exploring this place.
 F = Levels seen in this place.
 G = Mean time per level.
                   A        B        C        D        E       F      G
               +--------+--------+--------+--------+--------+-----+--------+
         Total |   5699 |   5526 |    173 |    126 |   4549 |   8 |  712.4 |
       Dungeon |   5699 |   5526 |    173 |    126 |   4549 |   8 |  712.4 |
               +--------+--------+--------+--------+--------+-----+--------+

Top non-repeatable levels by time:
     D:7: 1360 daAuts
     D:5: 999 daAuts
     D:1: 772 daAuts
     D:6: 694 daAuts
     D:2: 652 daAuts
     D:3: 619 daAuts
     D:4: 543 daAuts
     D:8: 57 daAuts
